 Dungeon Crawl Stone Soup version 0.20.0-10-g0535bb4 (webtiles) character file.

150 Mesmaeker13 the Ducker (level 5, 0/38 HPs)
             Began as a Draconian Wizard on June 5, 2017.
             Slain by a wight
             ... wielding a +1 mace
              (1 damage)
             ... in an ossuary.
             The game lasted 00:07:33 (3201 turns).

Mesmaeker13 the Ducker (Draconian Wizard)           Turns: 3201, Time: 00:07:33

Health: 0/38       AC:  8    Str: 11    XL:     5   Next: 10%
Magic:  5/9        EV: 12    Int: 18    God:
Gold:   89         SH:  2    Dex:  9    Spells: 4/10 levels left

rFire    . . .     SeeInvis .   v - +1 dagger (venom)
rCold    . . .     Gourm    .   (no shield)
rNeg     . . .     Faith    .   (armour unavailable)
rPois    .         Spirit   .   a - +0 hat
rElec    .         Reflect  +   (no cloak)
rCorr    .         Harm     .   r - +0 pair of gloves
MR       .....                  u - +1 pair of boots
Stlth    +.........             s - +2 amulet of reflection
Regen    0.2/turn               (no ring)
MPRegen  0.2/turn               (no ring)

@: drained
A: unfitting armour, cold-blooded, AC +5
a: no special abilities


You were in an ossuary.
You were not hungry.

You visited 1 branch of the dungeon, and saw 4 of its levels.
You also visited: Ossuary.

You collected 89 gold pieces.

Inventory:

Hand Weapons
 h - a cursed -1 hand axe
 v - a +1 dagger of venom (weapon)
Armour
 a - a +0 hat (worn)
 r - a +0 pair of gloves (worn)
 u - a +1 pair of boots (worn)
Magical Staves
 m - an uncursed staff of wizardry
Jewellery
 s - a +2 amulet of reflection (around neck)
Scrolls
 i - 3 scrolls of teleportation
 j - a scroll of blinking {unknown}
 k - 2 scrolls of identify {unknown}
 n - a scroll of fear {unknown}
 o - a scroll of enchant armour {unknown}
 w - a scroll of remove curse
Potions
 d - 3 potions of mutation {unknown}
 e - 2 potions of heal wounds {unknown}
 f - a potion of curing
 g - a potion of magic {unknown}
 l - a potion of flight {unknown}
 q - a potion of lignification {unknown}
 t - a potion of invisibility {unknown}
 x - a potion of haste {unknown}
Books
 b - a book of Minor Magic

   Spells                             Type                      Level
   a - Magic Dart                     Conjuration                  1
   b - Blink                          Translocation                2
   c - Call Imp                       Summoning                    2
   d - Slow                           Hexes                        2
   e - Conjure Flame                  Conjuration/Fire             3
   f - Mephitic Cloud                 Conjuration/Poison/Air       3
Comestibles
 c - 4 bread rations
 p - 2 royal jellies


   Skills:
 + Level 3.3(2.4) Dodging
 - Level 1.7(0.8) Stealth
 - Level 3.0(2.0) Spellcasting
 + Level 3.0(2.0) Conjurations
 + Level 2.1(1.1) Summonings
   Level 1.0(0.0) Translocations
 + Level 0.8(0.0) Poison Magic


You had 4 spell levels left.
You knew the following spells:

 Your Spells              Type           Power        Failure   Level  Hunger
a - Magic Dart            Conj           #...         8%          1    #......
b - Call Imp              Summ           #.......     17%         2    ###....
c - Mephitic Cloud        Conj/Pois/Air  #.......     38%         3    ###....


Dungeon Overview and Level Annotations

Branches:
Dungeon (4/15)
 Temple: D:4-7

Altars:
Trog

Annotations:
D:3 blackwizard's ghost, weakling TrAE


Innate Abilities, Weirdness & Mutations

Your plain brown scales are hard. (AC +5)
You cannot fit into any form of body armour.
You are cold-blooded and may be slowed by cold attacks.


Message History

Your crimson imp hits the wight.
Your crimson imp barely misses the wight.
Your crimson imp blinks!
The wight hits you with an enchanted mace!
You feel drained.
* * * LOW HITPOINT WARNING * * *
Your crimson imp barely misses the wight.
Your crimson imp hits the wight but does no damage.
Your crimson imp hits the wight but does no damage.
Your crimson imp closely misses the wight.
Your crimson imp blinks!
The wight hits you but does no damage.
Your crimson imp closely misses the wight.
Your crimson imp blinks!
Your crimson imp barely misses the wight.
Your crimson imp barely misses the wight.
The wight hits you with an enchanted mace!
* * * LOW HITPOINT WARNING * * *
You feel drained.
You die...

###...##
##......#########
##........##.#.#.#
#..........#'#'#'#+#+
#..#....)..'.........
##.##......#'#'#+#+#+
#5#.5....##.#.#
#.##z...#######
##.@...## ##...##
#####


You could see a wight and a friendly crimson imp.

Vanquished Creatures
  3 adders (D:2)
  2 adder zombies (Ossuary)
  A worm (D:3)
  2 leopard geckos (D:1)
  2 orcs (D:3)
  2 ball pythons
  2 goblins
  6 hobgoblins
  A quokka (D:2)
  10 bats
  2 frilled lizards
  6 kobolds
  A kobold zombie (Ossuary)
  11 rats
51 creatures vanquished.

Vanquished Creatures (collateral kills)
  A wight (Ossuary)
  A hound (D:4)
  An adder (D:2)
  2 worms (D:3)
  A giant cockroach (D:4)
6 creatures vanquished.

Grand Total: 57 creatures vanquished

Notes
Turn   | Place    | Note
-------+----------+-------------------------------------------
     0 | D:1      | Mesmaeker13 the Draconian Wizard began the quest for the Orb.
     0 | D:1      | Reached XP level 1. HP: 14/14 MP: 4/4
   349 | D:1      | Reached XP level 2. HP: 18/20 MP: 4/6
   979 | D:2      | Learned a level 2 spell: Call Imp
  1072 | D:2      | Reached XP level 3. HP: 9/26 MP: 1/7
  1741 | D:3      | Learned a level 3 spell: Mephitic Cloud
  1760 | D:3      | Reached XP level 4. HP: 32/33 MP: 8/8
  1782 | D:3      | Noticed blackwizard's ghost (weakling TrAE)
  2449 | D:3      | Noticed a moth of wrath
  2452 | D:3      | Found a bloodstained altar of Trog.
  2766 | D:4      | Found a sand-covered staircase.
  2863 | Ossuary  | Entered an ossuary
  2913 | Ossuary  | Reached XP level 5. HP: 13/38 MP: 1/9
  3201 | Ossuary  | HP: 1/38 [wight/enchanted mace (11)]
  3201 | Ossuary  | Slain by a wight

Skill      XL: |  1  2  3  4 |
---------------+-------------+-----
Dodging        | 2 3 |  3.3
Conjurations   | 2 3 |  3.0
Summonings     | 2 |  2.1
Stealth        | |  1.7
Spellcasting   | |  3.0
Translocations | |  1.0
Poison Magic   | |  0.8

Action                   |  1- 3 |  4- 6 || total
-------------------------+-------+-------++-------
Melee: Hand axe          |    57 |       ||    57
       Unarmed           |     4 |       ||     4
       Tailslap          |     2 |     7 ||     9
       Dagger            |    14 |    76 ||    90
       Staff             |       |     5 ||     5
 Cast: Magic Dart        |    50 |    15 ||    65
       Call Imp          |     4 |    14 ||    18
  Use: Potion            |     3 |       ||     3
       Scroll            |     4 |     1 ||     5
 Stab: Distracted        |       |     3 ||     3
  Eat: Chunk             |     3 |     4 ||     7
       Bread ration      |       |     1 ||     1
Armor: Skin              |    36 |    32 ||    68
Dodge: Dodged            |    71 |    54 ||   125
Block: Other             |       |     1 ||     1
